 Dungeon Crawl Stone Soup version 0.32-a0-540-g866d13106e (webtiles) character file.

Game seed: 15213318057918121405

2975 dirtblock2017 the Grappler (level 10, -1/73 HPs)
             Began as a Formicid Fighter on Feb 28, 2024.
             Was a Believer of Okawaru.
             Killed by an exploding kobold (9 damage)
             ... ignited by their inner flame
             ... on level 8 of the Dungeon on Feb 29, 2024.
             The game lasted 00:52:54 (7753 turns).

dirtblock2017 the Grappler (Formicid Fighter)       Turns: 7753, Time: 00:52:55

Health: -1/73      AC: 11    Str: 31    XL:     10   Next: 8%
Magic:  10/10      EV: 11    Int:  8    God:    Okawaru [**....]
Gold:   506        SH:  5    Dex: 13    Spells: 9/9 levels left

rFire   + .          .
                       - Unarmed
rCold   + . .        b - +0 buckler
rNeg    . . .        q - +3 scale mail {rC+}
rPois   .            (helmet unavailable)
rElec   .            H - scarf {repulsion}
rCorr   .            (no gloves)
SInv    +            (no boots)
Will    +....        G - amulet of the acrobat
Stlth   +            f - +6 ring of strength
HPRegen 0.32/turn    v - ring of protection from fire
MPRegen 0.12/turn

%: repel missiles, acrobat
@: no status effects
A: permanent stasis, dig shafts and tunnels, antennae 3, four strong arms
a: Dig, Shaft Self, Renounce Religion, Heroism


You were on level 8 of the Dungeon.
You worshipped Okawaru.
Okawaru was pleased with you.
You visited 2 branches of the dungeon, and saw 9 of its levels.
You also visited: Sewer.

You collected 506 gold pieces.

Inventory:

Hand Weapons
 g - a +0 sling
 n - a +0 flail
Missiles
 d - 14 poisoned darts (quivered)
 e - 32 stones
Armour
 a - a +0 scale mail
 b - a +0 buckler (worn)
 m - a +0 helmet
 q - a +3 scale mail of cold resistance (worn)
 H - a scarf of repulsion (worn)
Jewellery
 f - a +6 ring of strength (left hand)
 v - a ring of protection from fire (right hand)
 G - an amulet of the acrobat (around neck)
Talismans
 r - a beast talisman
 A - a maw talisman
Wands
 l - a wand of flame (14)
 t - a wand of paralysis (8)
 x - a wand of polymorph (9)
Scrolls
 h - a scroll of poison
 j - a scroll of enchant armour {unknown}
 k - a scroll of torment
 o - a scroll of immolation
 s - 2 scrolls of vulnerability
 w - a scroll of acquirement {unknown}
 y - a scroll of fog {unknown}
 z - a scroll of brand weapon {unknown}
 B - 2 scrolls of revelation
 F - a scroll of identify
 I - a scroll of butterflies {unknown}
Potions
 c - a potion of might
 i - 2 potions of enlightenment
 p - a potion of cancellation
 u - 2 potions of mutation
 C - a potion of brilliance {unknown}
 D - a potion of heal wounds
 E - 2 potions of attraction {unknown}
 J - a potion of degeneration {unknown}


   Skills:
 + Level 4.7 Fighting
 + Level 3.5 Throwing
 + Level 8.2 Armour
 + Level 2.9 Dodging
 + Level 2.4 Stealth
 + Level 6.7 Shields
 + Level 8.6 Unarmed Combat
 + Level 0.8 Evocations


You had 9 spell levels left.
You didn't know any spells.
Your spell library contained the following spells:

 Spells                   Type           Power      Damage    Failure   Level
 Sublimation of Blood     Necr           0%         N/A       80%         2
 Call Imp                 Summ           Unusable   N/A       N/A         2
 Summon Hydra             Summ           Unusable   N/A       N/A         7

Dungeon Overview and Level Annotations

Branches:
Dungeon (8/15)             Temple (1/1) D:6            Lair (0/5) D:8
  Sewer (visited)

Altars:
Ashenzari
Cheibriados
Dithmenos
Fedhas
Hepliaklqana
Kikubaaqudgha
Makhleb
Nemelex Xobeh
Okawaru
Qazlal
Ru
Trog
Uskayaw
Vehumet
Wu Jian
Xom
Yredelemnul
Zin

Shops:
D:2 [[   D:4 (

Annotations:
D:8 2 runed translucent doors, Gryn's ghost, novice NaAl


Innate Abilities, Weirdness & Mutations

You cannot be hasted, slowed, berserked, paralysed or teleported.
You can dig through walls and to a lower floor.
You have a pair of large antennae on your head. (SInv)
Your four strong arms can wield two-handed weapons with a shield.


Message History

The fiery explosion engulfs the kobold!!
The fiery explosion engulfs you. You resist.
The fiery explosion engulfs the orc!!
Okawaru accepts your kill.
The orc explodes!
The fiery explosion engulfs you! You resist.
The fiery explosion engulfs the kobold!!!
The fiery explosion engulfs the orc!!!
You kill the orc!
Okawaru accepts your kill.
The kobold explodes!
The fiery explosion engulfs the kobold!!
The fiery explosion engulfs the orc!!!
Okawaru accepts your kill.
The fiery explosion engulfs the orc!!
Okawaru accepts your kill.
The fiery explosion engulfs the kobold!!!
Okawaru accepts your kill.
The kobold explodes!
The fiery explosion engulfs the orc!!
You kill the orc!
Okawaru accepts your kill.
The orc explodes! x2
The fiery explosion engulfs the orc priest!!!
Okawaru accepts your kill.
The orc priest explodes!
Okawaru accepts your kill.
You feel a bit more experienced.
The kobold explodes!
The fiery explosion engulfs the kobold!!
The fiery explosion engulfs the kobold!
The fiery explosion engulfs you! You resist.
* * * LOW HITPOINT WARNING * * *
The kobold explodes!
The fiery explosion engulfs you. You resist.
* * * LOW HITPOINT WARNING * * *
The fiery explosion engulfs the kobold!!
The kobold explodes!
The fiery explosion engulfs you! You resist.
You die...

#..$....#.
.......$ #......
### #.....###..##
#......#~≈#.#
#...§§.#$⌠~≈#
#..§§§§+.(~$.
#.?§§@○+W#
#####..§§§§#.....
#<.....§§§§#...##
#####..#§#§#≈##.#
#>..§§.§### #
#...§§.oo{
.........o.
............
..........


You could see Gryn's ghost and 3 orcs.

Vanquished Creatures
  Sigmund (D:6)
  A steam dragon (D:6)
  4 sky beasts
  An ice beast (D:5)
  A black bear (D:7)
  An ogre (D:5)
  A wolf (D:5)
  2 phantoms (D:6)
  A kobold brigand (D:8)
  5 bullfrogs
  A wyvern zombie (D:7)
  6 scorpions
  2 howler monkeys (D:7)
  5 bullfrog zombies (D:7)
  3 bombardier beetles
  A jelly (D:6)
  4 hounds
  A centaur zombie (D:7)
  An orc priest (D:8)
  5 iguanas
  Terence (D:2)
  An orc wizard (D:7)
  A sleepcap (D:6)
  A killer bee zombie (D:7)
  A mummy (D:7)
  Robin (D:4)
  3 adders
  3 gnolls (D:6)
  4 shadow imps (D:7)
  6 white imps
  3 ufetubi
  12 dart slugs
  2 ribbon worms (D:2)
  9 orcs
  15 ball pythons
  5 bats
  16 endoplasms
  21 giant cockroaches
  15 goblins
  3 hobgoblins
  5 jackals (D:3)
  9 quokkas
  13 frilled lizards
  15 kobolds
  5 rats
217 creatures vanquished.

Notes
Turn   | Place    | Note
-------+----------+-------------------------------------------
     0 | D:1      | dirtblock2017 the Formicid Fighter began the quest for the
                  | Orb.
     0 | D:1      | Reached XP level 1. HP: 18/18 MP: 1/1
    82 | D:1      | Upgraded the game from 0.32-a0-520-g344ed53f66 to
                  | 0.32-a0-540-g866d13106e
   278 | D:1      | Reached XP level 2. HP: 13/24 MP: 2/2
   709 | D:1      | Reached XP level 3. HP: 9/10 MP: 3/3
  1269 | D:2      | Found Fipsaon's Antique Armour Shoppe.
  1281 | D:2      | Found Cucwanwe's Antique Armour Shoppe.
  1327 | D:2      | Reached XP level 4. HP: 18/20 MP: 4/4
  1383 | D:2      | Found a faded altar of an unknown god.
  1608 | D:2      | Noticed Terence
  1623 | D:2      | Killed Terence
  2122 | D:3      | Reached XP level 5. HP: 31/32 MP: 5/5
  2218 | D:3      | Found a hide-covered altar of Uskayaw.
  2222 | D:3      | Found a sacrificial altar of Ru.
  2222 | D:3      | Found a broken altar of Ashenzari.
  2737 | D:4      | Found Afox's Weapon Emporium.
  2894 | D:4      | Noticed Robin
  2904 | D:4      | Reached skill level 5 in Armour
  2913 | D:4      | Killed Robin
  2914 | D:4      | Reached XP level 6. HP: 19/46 MP: 6/6
  2991 | D:4      | Found a glowing drain.
  3011 | Sewer    | Entered a sewer
  3139 | Sewer    | Reached skill level 5 in Shields
  3258 | Sewer    | Reached skill level 1 in Dodging
  3475 | Sewer    | Reached XP level 7. HP: 48/53 MP: 7/7
  3685 | D:4      | Found a blossoming altar of Fedhas.
  3835 | D:4      | Reached skill level 1 in Throwing
  4033 | D:5      | Entered Level 5 of the Dungeon
  4205 | D:5      | Reached skill level 5 in Unarmed Combat
  4252 | D:5      | Reached XP level 8. HP: 29/60 MP: 8/8
  5289 | D:6      | Reached skill level 1 in Stealth
  5373 | D:6      | Reached XP level 9. HP: 48/66 MP: 9/9
  5410 | D:6      | Noticed Sigmund
  5413 | D:6      | Found a staircase to the Ecumenical Temple.
  5420 | D:6      | Killed Sigmund
  5557 | Temple   | Entered the Ecumenical Temple
  5733 | Temple   | Became a worshipper of Warmaster Okawaru
  6268 | D:6      | Found a hazy altar of Hepliaklqana.
  6354 | D:7      | Found a radiant altar of Vehumet.
  6374 | D:7      | Reached * piety under Okawaru
  6383 | D:7      | Found a basalt altar of Yredelemnul.
  7316 | D:7      | Reached XP level 10. HP: 73/73 MP: 10/10
  7546 | D:7      | Reached ** piety under Okawaru
  7741 | D:8      | Found a large runed translucent door.
  7741 | D:8      | Found a large runed translucent door.
  7742 | D:8      | Found a staircase to the Lair.
  7745 | D:8      | Noticed Gryn's ghost (novice NaAl)
  7753 | D:8      | Killed by an exploding kobold... ignited by their inner
                  | flame

Illustrated notes

Levels and vault maps discovered:
D:1:      psy_arrival_whirlpool, layout_loops_corners, nicolae_the_louvre
D:2:      layout_loops_ring, shapermc_ecumenical_altar_hornbeckon, serial_shops,
          shop, shop_fountains, minmay_misc_feat_encased, uniq_terence
D:3:      minmay_spotlight, layout_basic, grunt_temple_overflow_open
D:4:      layout_rooms, lemuel_tele_altar, serial_shops,
          nicolae_shop_bloodbath_and_beyond, gup_sewer_entry_pipe, uniq_robin
D:5:      layout_loops_corners
D:6:      layout_loops_ring, nicolae_hepliaklqana_hippocampus,
          minmay_temple_entry_ruins, uniq_sigmund
D:7:      layout_cave_pools, nicolae_yredelemnul_corpse_copse, vehumet_crystals,
          gup_ossuary_entry_pyramid, serial_demonic, serial_demonic_c,
          serial_demonic_f, serial_demonic_c, serial_demonic_a,
          serial_demonic_b, serial_demonic_c, serial_demonic_b
D:8:      layout_basic, elyvilon_altar_5, lair_entry_dummy, enter_bailey_5,
          ebering_ghost_disaster_area
Temple:   grunt_temple_mini_profane

Skill      XL: |  1  2  3  4  5  6  7  8  9 |
---------------+----------------------------+-----
Armour         | 4 5 6 8 |  8.2
Unarmed Combat | 3 4 5 6 8 |  8.6
Shields        | 5 6 |  6.7
Dodging        | 1 2 |  2.9
Fighting       | 4 |  4.7
Throwing       | 1 2 3 |  3.5
Stealth        | 1 2 |  2.4
Evocations     | |  0.8

Action                     |  1- 3 |  4- 6 |  7- 9 | 10-12 || total
---------------------------+-------+-------+-------+-------++-------
  Melee: Unarmed           |   115 |   346 |   353 |    27 ||   841
  Throw: Dart              |    10 |    10 |    26 |       ||    46
         Stone             |    10 |    25 |    16 |       ||    51
Ability: Dig               |     4 |     2 |       |       ||     6
  Evoke: Wand              |       |     3 |     6 |       ||     9
    Use: Scroll            |     1 |       |    11 |     1 ||    13
         Potion            |       |     1 |       |       ||     1
   Stab: Paralysed         |       |       |     3 |       ||     3
 Armour: Scale mail        |    76 |   309 |   222 |    27 ||   634
  Dodge: Dodged            |    43 |   151 |   187 |    16 ||   397
  Block: Buckler           |    32 |   104 |    82 |     5 ||   223

Table legend: (Time is in decaauts)
 A = Elapsed time spent in this place.
 B = Non-inter-level travel time spent in this place.
 C = Inter-level travel time spent in this place.
 D = Time resting spent in this place.
 E = Time spent auto-exploring this place.
 F = Levels seen in this place.
 G = Mean time per level.
                   A        B        C        D        E       F      G
               +--------+--------+--------+--------+--------+-----+--------+
         Total |   7793 |   6074 |   1719 |   1452 |   2658 |  10 |  779.3 |
       Dungeon |   6943 |   5454 |   1489 |   1337 |   2658 |   8 |  867.9 |
        Temple |    235 |      5 |    230 |      0 |      0 |   1 |  235.0 |
         Sewer |    614 |    614 |      0 |    115 |      0 |   1 |  614.0 |
               +--------+--------+--------+--------+--------+-----+--------+

Top non-repeatable levels by time:
     D:7: 1367 daAuts
     D:5: 1222 daAuts
     D:1: 1141 daAuts
     D:6: 841 daAuts
     D:4: 816 daAuts
     D:2: 813 daAuts
     D:3: 725 daAuts
   Sewer: 614 daAuts
  Temple: 235 daAuts
     D:8: 14 daAuts
